 Dungeon Sprint DCSS version 0.23-a0-694-g178e528 (webtiles) character file.

7 TheOrbIsALie the Conjurer (level 1, -2/13 HPs)
             Began as a Demonspawn Fire Elementalist on Jan 11, 2019.
             Was an Initiate of Sif Muna.
             Slain by a gnoll (5 damage)
             ... in the Dungeon (Sprint VII: "The Pits").
             The game lasted 00:00:31 (191 turns).

TheOrbIsALie the Conjurer (DsFE)                     Turns: 191, Time: 00:00:32

Health: -2/13      AC:  2    Str:  8    XL:     1   Next: 83%
Magic:  0/3        EV: 12    Int: 16    God:    Sif Muna [......]
Gold:   0          SH:  0    Dex: 13    Spells: 3/4 levels left

rFire    . . .     SeeInvis .   n - +2 quarterstaff
rCold    . . .     Gourm    .   (shield currently unavailable)
rNeg     . . .     Faith    .   a - +0 robe
rPois    .         Spirit   .   (no helmet)
rElec    .         Reflect  .   (no cloak)
rCorr    .         Harm     .   (no gloves)
MR       .....     NoTele   +   (no boots)
Stlth    ++........             (no amulet)
HPRegen  0.04/turn              (no ring)
MPRegen  0.08/turn              (no ring)

@: very slightly contaminated
A: no striking features
a: Renounce Religion


You were in the Dungeon.
You worshipped Sif Muna.
Sif Muna was noncommittal.
You were not hungry.

You visited 1 branch

Inventory:

Hand Weapons
 n - a +2 quarterstaff (weapon)
Armour
 a - a +0 robe (worn)
Magical Staves
 m - a cursed staff of energy
Scrolls
 i - a scroll of blinking
 j - 3 scrolls of remove curse
 k - 5 scrolls of amnesia
 l - a scroll of summoning
Potions
 b - 2 potions of invisibility
 d - a potion of curing
 e - a potion of heal wounds
 f - a potion of haste
 g - 4 potions of magic
 h - 3 potions of berserk rage
Comestibles
 c - 9 rations


   Skills:
 - Level 1.7 Dodging
 - Level 1.7 Stealth
 - Level 2.0 Spellcasting
 + Level 3.8 Conjurations
 - Level 2.6 Fire Magic


You had 3 spell levels left.
You knew the following spells:

 Your Spells              Type           Power        Failure   Level  Hunger
a - Flame Tongue          Conj/Fire      ##...        5%          1    #......

Your spell library contained the following spells:

 Spells                   Type           Power        Failure   Level  Hunger
 Throw Flame              Conj/Fire      ##....       9%          2    ###....
 Conjure Flame            Conj/Fire      ##......     16%         3    ###....
 Inner Flame              Hex/Fire       #.......     34%         3    ###....
 Sticky Flame             Conj/Fire      ##......     47%         4    #####..
 Fireball                 Conj/Fire      ##........   83%         5    ######.


Dungeon Overview and Level Annotations

Branches:
Dungeon (1/1)

Altars:
Ashenzari
Cheibriados
Dithmenos
Elyvilon
Fedhas
Gozag
Hepliaklqana
Kikubaaqudgha
Makhleb
Nemelex Xobeh
Okawaru
Qazlal
Ru
Sif Muna
Trog
Uskayaw
Vehumet
Wu Jian
Xom
Yredelemnul
Zin
The Shining One
Beogh
Jiyva
Lugonu


Message History

You sock the ooze!
You kill the ooze!
Sif Muna accepts your kill.
Your Conjurations skill increases to level 3!
You barely miss the gnoll. The gnoll closely misses you. The gnoll misses you.
You hit the gnoll but do no damage. The gnoll hits you!
Ouch! That really hurt!
* * * LOW HITPOINT WARNING * * *
Things that are here:
a +0 hand axe; a +0 ring mail; an orc corpse
There is an open door to the Storerooms (Easy) here.
There is an open door to the Entrance Hall (Safe) here.
Casting: Flame Tongue (safe; 5% risk of failure)
Confirm with . or Enter, or press ? or * to list all spells.
Aiming: Flame Tongue (safe; 5% risk of failure)
Press: ? - help, Shift-Dir - straight line, f - gnoll
Aim: a gnoll The flame tongue hits the gnoll.
The gnoll appears unharmed.
The gnoll hits you.
You die...

#_________.#
#_______...###########++
##########'##...........
#.?(.')))'.##......#..#.
##########.##...........
..........)'...........
+#####'#####......#..#.
#.. #..g........ #..
####@#####++ ###
#.......# #.......#
#.......# #...<...#
#.......# #.......#
#.......# #########


You could see a gnoll.

Vanquished Creatures
  An ooze (D)
  An orc (D)
2 creatures vanquished.

Notes
Turn   | Place    | Note
-------+----------+-------------------------------------------
     0 | D        | TheOrbIsALie the Demonspawn Fire Elementalist began the
                  | quest for the Orb.
     0 | D        | Reached XP level 1. HP: 13/13 MP: 3/3
    13 | D        | Reached skill level 2 in Conjurations
    80 | D        | Found a bloodstained altar of Trog.
    80 | D        | Found a deep blue altar of Sif Muna.
    80 | D        | Found a viscous altar of Jiyva.
    80 | D        | Found a hazy altar of Hepliaklqana.
    80 | D        | Found an opulent altar of Gozag.
    81 | D        | Found a glowing golden altar of the Shining One.
    81 | D        | Found a glowing silver altar of Zin.
    81 | D        | Found a basalt altar of Yredelemnul.
    81 | D        | Found a shimmering altar of Xom.
    81 | D        | Found an ornate altar of the Wu Jian Council.
    81 | D        | Found a sacrificial altar of Ru.
    81 | D        | Found a stormy altar of Qazlal.
    81 | D        | Found an iron altar of Okawaru.
    81 | D        | Found a sparkling altar of Nemelex Xobeh.
    81 | D        | Found a burning altar of Makhleb.
    81 | D        | Found a blossoming altar of Fedhas.
    81 | D        | Found a white marble altar of Elyvilon.
    81 | D        | Found a shadowy altar of Dithmenos.
    81 | D        | Found a snail-covered altar of Cheibriados.
    84 | D        | Found a corrupted altar of Lugonu.
    84 | D        | Found a radiant altar of Vehumet.
    84 | D        | Found a roughly hewn altar of Beogh.
    85 | D        | Found an ancient bone altar of Kikubaaqudgha.
    85 | D        | Found a hide-covered altar of Uskayaw.
    85 | D        | Found a shattered altar of Ashenzari.
    88 | D        | Became a worshipper of Sif Muna the Loreminder
   180 | D        | Reached skill level 3 in Conjurations
   191 | D        | Slain by a gnoll

Vault maps used:
D:        pitsprint

Skill      XL: |  1 |
---------------+----+-----
Conjurations   | 3 |  3.8
Dodging        | |  1.7
Stealth        | |  1.7
Spellcasting   | |  2.0
Fire Magic     | |  2.6

Action                   || total
-------------------------++-------
Melee: Quarterstaff      ||     3
 Cast: Flame Tongue      ||     6
Dodge: Dodged            ||     2

Table legend:
 A = Non-vault XP
 B = Vault XP
 C = Vault XP percentage of total XP
 D = Non-vault monster count
 E = Vault monster count
 F = Vault count percentage of total count
                 A         B        C        D         E       F
            +---------+---------+-------+---------+---------+-------
      Total |       0 |      10 | 100.0 |       0 |       2 | 100.0
            +---------+---------+-------+---------+---------+-------
          D |       0 |      10 | 100.0 |       0 |       2 | 100.0
            +---------+---------+-------+---------+---------+-------
